 Dungeon Sprint DCSS version 0.16-a0-3606-g1520cdc (webtiles) character file.

21 BluebellGnoll the Protected (level 2, -2/39 HPs)
             Began as a Deep Dwarf Gladiator on Jan 13, 2015.
             Was an Initiate of Makhleb.
             Slain by a draconian
             ... wielding the +6 scimitar of Flaming Death {flame, rPois rF++ rC- MR+}
              (15 damage)
             ... in the Dungeon (Sprint V: "Ziggurat Sprint").
             The game lasted 00:02:07 (61 turns).

BluebellGnoll the Protected (Deep Dwarf Gladiator)    Turns: 61, Time: 00:02:07

Health: -2/39      AC:  5    Str: 35    XL:     2   Next: 65%
Magic:  2/2        EV: 18    Int:  8    God:    Makhleb [......]
Gold:   0          SH:  0    Dex: 18    Spells: 0 memorised, 1 level left

rFire  . . .     SeeInvis .     a - +0 war axe
rCold  . . .     Clarity  .     b - +0 leather armour
rNeg   . . .     SustAb   .     (no shield)
rPois  .         Gourm    .     c - +0 helmet
rElec  .         Spirit   .     (no cloak)
rCorr  .         Warding  .     (no gloves)
rMut   .         NoTele   +     (no boots)
MR     .....                    (no amulet)
Stlth  ..........               v - +6 ring of strength
                                u - +6 ring of strength

@: agile, berserking, non-regenerating, drained, very quick, not resistant to
hostile enchantments, extremely unstealthy
A: damage resistance, recharge devices, sense surroundings 1, slow healing 3
a: Device Recharging, Renounce Religion


You were in the Dungeon.
You worshipped Makhleb.
Makhleb was noncommittal.
You were not hungry.

You visited 1 branch

Inventory:

Hand weapons
 a - a +0 war axe (weapon)
 r - the cursed +14 obsidian axe {chop, +Fly Str+3 SInv Curse}
   (You found it in the Dungeon)

   It inflicts extra damage upon your enemies.
   It affects your strength (+3).
   It enhances your eyesight.
   It lets you fly.
   It may recurse itself when equipped.
   It has a curse placed upon it.
 J - a +5 broad axe
Missiles
 d - 3 throwing nets (quivered)
Armour
 b - a +0 leather armour (worn)
 c - a +0 helmet (worn)
 s - the cursed +15 Maxwell's patent armour {-Cast -Tele rElec MR+ rCorr}
   (You found it in the Dungeon)

   It insulates you from electricity.
   It affects your resistance to hostile enchantments.
   It prevents spellcasting.
   It prevents most forms of teleportation.
   It protects you from acid and corrosion.
   It has a curse placed upon it.
 t - the +18 shield of the gong {rElec rN+ MR+ EV-5}
   (You found it in the Dungeon)

   It affects your evasion (-5).
   It insulates you from electricity.
   It protects you from negative energy.
   It affects your resistance to hostile enchantments.
Jewellery
 u - a +6 ring of strength (left hand)
 v - a +6 ring of strength (right hand)
Magical devices
 e - a wand of heal wounds (5)
 m - a wand of disintegration (4)
 n - a wand of fire (3)
 o - a wand of cold (5)
 p - a wand of draining (5)
Scrolls
 l - 4 scrolls of blinking
 y - 4 scrolls of amnesia
 z - 3 scrolls of recharging
 A - 7 scrolls of fog
 B - a scroll of holy word
 C - 5 scrolls of identify
 D - 5 scrolls of remove curse
 E - 2 scrolls of fear
Potions
 g - 10 potions of curing
 h - 10 potions of heal wounds
 i - 6 potions of haste
 j - 7 potions of magic
 k - 2 potions of berserk rage
 F - 2 potions of brilliance
 G - 2 potions of invisibility
 H - 2 potions of restore abilities
 I - 4 potions of resistance
 K - 5 potions of agility
 L - 5 potions of might
Books
 q - a tome of Destruction
Comestibles
 f - 5 bread rations
 w - 42 fruits
 x - 4 meat rations


   Skills:
 * Level 1.7(1.1) Fighting
 + Level 4.0(3.3) Axes
 - Level 1.7(1.1) Throwing
 - Level 8.0(7.3) Armour
 - Level 3.2(2.6) Dodging
 - Level 2.0(1.4) Evocations


You had one spell level left.
You didn't know any spells.

Dungeon Overview and Level Annotations

Branches:
Dungeon (1/1)

Altars:
Ashenzari
Cheibriados
Dithmenos
Elyvilon
Fedhas
Gozag
Kikubaaqudgha
Makhleb
Nemelex Xobeh
Okawaru
Qazlal
Ru
Sif Muna
Trog
Vehumet
Xom
Yredelemnul
Zin
The Shining One
Beogh
Jiyva
Lugonu


Innate Abilities, Weirdness & Mutations

You are resistant to damage.
You can recharge devices by infusing magical energy.
You passively map a small area around you.
You do not heal naturally.


Message History

You closely miss the draconian. You barely miss the draconian.
The draconian hits you with a +1 morningstar of draining!
You feel drained. The draconian misses you. The draconian closely misses you.
Unknown command.
You slash the draconian!
The draconian is almost dead.
You barely miss the draconian. You hit the draconian but do no damage.
The draconian barely misses you.
The draconian hits you with a +1 morningstar of draining!
You feel drained.
The draconian hits you with the +6 scimitar of Flaming Death {flame, rPois rF++ rC- MR+}.
The draconian burns you.
You barely miss the draconian.
The draconian is almost dead.
You hit the draconian.
The draconian is lightly wounded.
You barely miss the draconian. The draconian completely misses you.
The draconian completely misses you.
The draconian hits you with the +6 scimitar of Flaming Death {flame, rPois rF++ rC- MR+}!
You die...

▓▓▓▓▓▓▓▓▓▓▓▓▓
, 8 8
▓.8©8.▓.8©8.▓
,
▓.))).▓.....▓
▓.....▓.[...▓
,▓.....▓.....▓
,
▓.....▓.....▓
▓.ddd.▓.....▓
, *
,▓..@..▓▓▓▓▓▓▓
, * **▓▓▓▓▓▓▓
* * , , ,, * ,
, , , * , , ,
,


You could see 3 draconians.

Vanquished Creatures
  A white imp (D)
  An ufetubus (D)
2 creatures vanquished.

Notes
Turn   | Place    | Note
--------------------------------------------------------------
     0 | D        | BluebellGnoll, the Deep Dwarf Gladiator, began the quest for the Orb.
     0 | D        | Reached XP level 1. HP: 19/19 MP: 1/1
     0 | D        | Found a viscous altar of Jiyva.
     0 | D        | Found a corrupted altar of Lugonu.
     0 | D        | Found a white marble altar of Elyvilon.
     2 | D        | Found a sparkling altar of Nemelex Xobeh.
     2 | D        | Found a burning altar of Makhleb.
     3 | D        | Found a deep blue altar of Sif Muna.
     3 | D        | Found a bloodstained altar of Trog.
     6 | D        | Found an iron altar of Okawaru.
    18 | D        | Found a radiant altar of Vehumet.
    21 | D        | Became a worshipper of Makhleb the Destroyer
    23 | D        | Found a basalt altar of Yredelemnul.
    24 | D        | Found a shimmering altar of Xom.
    32 | D        | Reached skill level 8 in Armour
    32 | D        | Reached XP level 2. HP: 26/26 MP: 2/2
    41 | D        | Entered arena 1.
    43 | D        | Reached skill level 1 in Evocations
    53 | D        | Entered arena 2.
    53 | D        | Noticed a draconian
    53 | D        | Noticed a draconian
    53 | D        | Noticed a draconian
    61 | D        | Slain by a draconian

Action                   || total
-------------------------++-------
Melee: War axe           ||     6
Evoke: Wand              ||     5
  Use: Potion            ||     3
